| TOP OF THE 1ST |
|
New Jersey Devils batting - Pitching for Trois-Riveres Aigles : LHP Åke Ravn
|
|
Pitching: LHP Åke Ravn
|
|
|
Batting: RHB Jacob Olander
|
0-0: Swinging Strike 0-1: Ground out 1-3 (Groundball, 15S, EV 72.5 MPH)
|
|
Batting: LHB Rodolfo Alvarez
|
0-0: Ball 1-0: Called Strike 1-1: Ball 2-1: Foul Ball, location: 2F 2-2: Foul Ball, location: 2F 2-2: Ball 3-2: SOLO HOME RUN (Flyball, 9LD, EV 96.9 MPH), Distance : 358 ft
|
|
Batting: SHB Danny Tapia Jr.
|
0-0: Called Strike 0-1: Foul Ball, location: 2F 0-2: Ball 1-2: Foul Ball, location: 2F 1-2: Strikes out swinging
|
|
Batting: LHB John Stokes
|
0-0: Swinging Strike 0-1: Swinging Strike 0-2: Foul Ball, location: 2F 0-2: Foul Ball, location: 2F 0-2: Ball 1-2: Strikes out swinging
|
| Top of the 1st over - 1 run, 1 hit, 0 errors, 0 left on base; New Jersey 1 - Trois-Riveres 0 |
| BOTTOM OF THE 1ST |
|
Trois-Riveres Aigles batting - Pitching for New Jersey Devils : LHP Chris Fox
|
|
Pitching: LHP Chris Fox
|
|
|
Batting: SHB Josif Popovski
|
0-0: Called Strike 0-1: Ball 1-1: Foul Ball, location: 2F 1-2: Ball 2-2: SINGLE (Groundball, 6MD, EV 100.0 MPH)
|
|
Batting: RHB Micah Logan
|
0-0: Ground out U3 (Groundball, 34S, EV 76.9 MPH) Josif Popovski to second
|
|
Batting: SHB Derek Weaver
|
0-0: Ball 1-0: Foul Ball, location: 2F 1-1: Called Strike 1-2: Ball 2-2: Ball 3-2: SINGLE (Flyball, 34D, EV 83.8 MPH) Josif Popovski to third
|
|
Batting: RHB Alistair Holmes
|
0-0: Ball Derek Weaver is caught stealing 2nd base 2-4 1-0: Ball 2-0: Called Strike 2-1: Foul Ball, location: 2F 2-2: SINGLE (Flyball, 78S, EV 96.2 MPH) Josif Popovski scores
|
|
Batting: RHB George Connell
|
0-0: Called Strike 0-1: Ground out 5-3 (Groundball, 56S, EV 85.6 MPH)
|
| Bottom of the 1st over - 1 run, 3 hits, 0 errors, 1 left on base; New Jersey 1 - Trois-Riveres 1 |
| TOP OF THE 2ND |
|
New Jersey Devils batting - Pitching for Trois-Riveres Aigles : LHP Åke Ravn
|
|
Batting: LHB Mike Bolock
|
0-0: Foul Ball, location: 2F 0-1: Called Strike 0-2: Foul Ball, location: 2F 0-2: Strikes out swinging
|
|
Batting: RHB Duk-yoon Park
|
0-0: Swinging Strike 0-1: Ball 1-1: SINGLE (Groundball, 6MD, EV 102.5 MPH)
|
|
Batting: RHB Ted Hickey
|
0-0: Foul Ball, location: 2F 0-1: Ball 1-1: Ball 2-1: Ball 3-1: Foul Ball, location: 2F 3-2: Strikes out swinging
|
|
Batting: LHB Jason Miller
|
0-0: Swinging Strike 0-1: Foul Ball, location: 2F 0-2: Strikes out swinging
|
| Top of the 2nd over - 0 runs, 1 hit, 0 errors, 1 left on base; New Jersey 1 - Trois-Riveres 1 |
| BOTTOM OF THE 2ND |
|
Trois-Riveres Aigles batting - Pitching for New Jersey Devils : LHP Chris Fox
|
|
Batting: RHB Danny Mota
|
0-0: Ball 1-0: Called Strike 1-1: Fly out, F8 (Flyball, 8LM, EV 83.1 MPH)
|
|
Batting: RHB Chris Davis
|
0-0: Called Strike 0-1: Swinging Strike 0-2: Foul Ball, location: 2F 0-2: Foul Ball, location: 2F 0-2: Ball 1-2: Strikes out looking
|
|
Batting: SHB Aaron Ruscigno
|
0-0: Ball 1-0: Called Strike 1-1: Ball 2-1: Ball 3-1: Base on Balls
|
|
Batting: LHB Edgar Quinto
|
0-0: Ground out 5-3 (Groundball, 56S, EV 70.0 MPH)
|
| Bottom of the 2nd over - 0 runs, 0 hits, 0 errors, 1 left on base; New Jersey 1 - Trois-Riveres 1 |
| TOP OF THE 3RD |
|
New Jersey Devils batting - Pitching for Trois-Riveres Aigles : LHP Åke Ravn
|
|
Batting: RHB Torsten Hodensack
|
0-0: Ball 1-0: Called Strike 1-1: Foul Ball, location: 2F 1-2: Foul Ball, location: 2F 1-2: Ball 2-2: Strikes out swinging wild pitch, reaches first!
|
|
Batting: RHB Jacob Olander
|
0-0: Called Strike 0-1: Swinging Strike 0-2: Foul Ball, location: 2F 0-2: Strikes out swinging
|
|
Batting: LHB Rodolfo Alvarez
|
0-0: Ball 1-0: Foul Ball, location: 2F 1-1: Foul Ball, location: 2F 1-2: Fly out, F7 (Line Drive, 7S, EV 99.4 MPH)
|
|
Batting: SHB Danny Tapia Jr.
|
0-0: Foul Ball, location: 2F 0-1: Ball 1-1: Ball 2-1: Fly out, F9 (Line Drive, 9LD, EV 89.4 MPH)
|
| Top of the 3rd over - 0 runs, 0 hits, 0 errors, 1 left on base; New Jersey 1 - Trois-Riveres 1 |
| BOTTOM OF THE 3RD |
|
Trois-Riveres Aigles batting - Pitching for New Jersey Devils : LHP Chris Fox
|
|
Batting: SHB Josif Popovski
|
0-0: Ball 1-0: Ball 2-0: Ground out U3 (Groundball, 34S, EV 78.8 MPH)
|
|
Batting: RHB Micah Logan
|
0-0: Fly out, F9 (Flyball, 89M, EV 84.4 MPH)
|
|
Batting: SHB Derek Weaver
|
0-0: Swinging Strike 0-1: Ball 1-1: Ball 2-1: SINGLE (Groundball, 4MD, EV 83.1 MPH) (infield hit)
|
|
Batting: RHB Alistair Holmes
|
0-0: DOUBLE (Flyball, 78D, EV 90.6 MPH) Derek Weaver to third Runner from 3rd tries for Home, SAFE, throw by LF to home
|
|
Batting: RHB George Connell
|
0-0: Fly out, F7 (Flyball, 78S, EV 91.9 MPH)
|
| Bottom of the 3rd over - 1 run, 2 hits, 0 errors, 1 left on base; New Jersey 1 - Trois-Riveres 2 |
| TOP OF THE 4TH |
|
New Jersey Devils batting - Pitching for Trois-Riveres Aigles : LHP Åke Ravn
|
|
Batting: LHB John Stokes
|
0-0: Called Strike 0-1: Ball 1-1: Called Strike 1-2: Fly out, F8 (Flyball, 8LD, EV 91.9 MPH)
|
|
Batting: LHB Mike Bolock
|
0-0: Ball 1-0: Swinging Strike 1-1: Called Strike 1-2: Ball 2-2: Ball 3-2: Strikes out swinging
|
|
Batting: RHB Duk-yoon Park
|
0-0: Ball 1-0: Foul Ball, location: 2F 1-1: Swinging Strike 1-2: Ball 2-2: Foul Ball, location: 2F 2-2: Strikes out swinging
|
| Top of the 4th over - 0 runs, 0 hits, 0 errors, 0 left on base; New Jersey 1 - Trois-Riveres 2 |
| BOTTOM OF THE 4TH |
|
Trois-Riveres Aigles batting - Pitching for New Jersey Devils : LHP Chris Fox
|
|
Batting: RHB Danny Mota
|
0-0: Called Strike 0-1: SINGLE (Line Drive, 3D, EV 110.0 MPH)
|
|
Batting: RHB Chris Davis
|
0-0: Ball 1-0: Ball 2-0: Called Strike 2-1: Foul Ball, location: 2F 2-2: Foul Ball, location: 2F 2-2: Fly out, F4 (Line Drive, 4, EV 72.5 MPH)
|
|
Batting: SHB Aaron Ruscigno
|
0-0: Ball 1-0: Foul Ball, location: 2F 1-1: Ball 2-1: Foul Ball, location: 2F 2-2: SINGLE (Groundball, 56D, EV 105.0 MPH) Danny Mota to second
|
|
Batting: LHB Edgar Quinto
|
0-0: Ball 1-0: Foul Ball, location: 2F 1-1: Foul Ball, location: 2F 1-2: Strikes out looking
|
|
Batting: SHB Josif Popovski
|
0-0: Called Strike 0-1: Called Strike 0-2: SINGLE (Groundball, 25, EV 70.6 MPH) (infield hit) Danny Mota to third Aaron Ruscigno to second
|
|
Batting: RHB Micah Logan
|
0-0: Ball 1-0: Called Strike 1-1: Foul Ball, location: 2F 1-2: Ground out 6-3 (Groundball, P, EV 86.9 MPH)
|
| Bottom of the 4th over - 0 runs, 3 hits, 0 errors, 3 left on base; New Jersey 1 - Trois-Riveres 2 |
| TOP OF THE 5TH |
|
New Jersey Devils batting - Pitching for Trois-Riveres Aigles : LHP Åke Ravn
|
|
Batting: RHB Ted Hickey
|
0-0: Called Strike 0-1: Ball 1-1: Ground out 6-3 (Groundball, 6, EV 89.4 MPH)
|
|
Batting: LHB Jason Miller
|
0-0: Ball 1-0: Called Strike 1-1: Called Strike 1-2: Ball 2-2: Strikes out swinging
|
|
Batting: RHB Torsten Hodensack
|
0-0: Ball 1-0: Fly out, F7 (Line Drive, 7, EV 93.1 MPH)
|
| Top of the 5th over - 0 runs, 0 hits, 0 errors, 0 left on base; New Jersey 1 - Trois-Riveres 2 |
| BOTTOM OF THE 5TH |
|
Trois-Riveres Aigles batting - Pitching for New Jersey Devils : LHP Chris Fox
|
|
Batting: SHB Derek Weaver
|
0-0: Ball 1-0: Called Strike 1-1: Fly out, F8 (Line Drive, 8RD, EV 83.8 MPH)
|
|
Batting: RHB Alistair Holmes
|
0-0: Ball 1-0: Called Strike 1-1: Ball 2-1: Ball 3-1: Fly out, F9 (Flyball, 9, EV 90.6 MPH)
|
|
Batting: RHB George Connell
|
0-0: Ball 1-0: Called Strike 1-1: Swinging Strike 1-2: Ball 2-2: Ball 3-2: Foul Ball, location: 2F 3-2: Foul Ball, location: 2F 3-2: Foul Ball, location: 2F 3-2: Strikes out swinging
|
| Bottom of the 5th over - 0 runs, 0 hits, 0 errors, 0 left on base; New Jersey 1 - Trois-Riveres 2 |
| TOP OF THE 6TH |
|
New Jersey Devils batting - Pitching for Trois-Riveres Aigles : LHP Åke Ravn
|
|
Batting: RHB Jacob Olander
|
0-0: Ball 1-0: Swinging Strike 1-1: Foul Ball, location: 2F 1-2: Foul Ball, location: 2F 1-2: Strikes out swinging
|
|
Batting: LHB Rodolfo Alvarez
|
0-0: Ball 1-0: Ground out U3 (Groundball, 23, EV 85.0 MPH)
|
|
Batting: SHB Danny Tapia Jr.
|
0-0: Ball 1-0: Ball 2-0: Ball 3-0: Called Strike 3-1: Swinging Strike 3-2: Strikes out swinging
|
| Top of the 6th over - 0 runs, 0 hits, 0 errors, 0 left on base; New Jersey 1 - Trois-Riveres 2 |
| BOTTOM OF THE 6TH |
|
Trois-Riveres Aigles batting - Pitching for New Jersey Devils : LHP Chris Fox
|
|
Batting: RHB Danny Mota
|
0-0: Ball 1-0: Ball 2-0: Called Strike 2-1: Fly out, F8 (Line Drive, 89M, EV 98.8 MPH)
|
|
Batting: RHB Chris Davis
|
0-0: Ball 1-0: Swinging Strike 1-1: Called Strike 1-2: Strikes out swinging
|
|
Pitching: LHP Adam Howell
|
|
|
Batting: SHB Aaron Ruscigno
|
0-0: Called Strike 0-1: Swinging Strike 0-2: Strikes out swinging
|
| Bottom of the 6th over - 0 runs, 0 hits, 0 errors, 0 left on base; New Jersey 1 - Trois-Riveres 2 |
| TOP OF THE 7TH |
|
New Jersey Devils batting - Pitching for Trois-Riveres Aigles : LHP Åke Ravn
|
|
Pinch Hitting: RHB Sergio Andrada
|
0-0: Called Strike 0-1: Fly out, F7 (Flyball, 7D, EV 100.0 MPH)
|
|
Pinch Hitting: LHB Miguel Quizhpi
|
0-0: Ball 1-0: Foul Ball, location: 2F 1-1: Ball 2-1: Called Strike 2-2: Ball 3-2: Strikes out looking
|
|
Pinch Hitting: LHB Tao Li
|
0-0: Swinging Strike 0-1: Ball 1-1: Ground out 6-3 (Groundball, 6M, EV 108.1 MPH)
|
| Top of the 7th over - 0 runs, 0 hits, 0 errors, 0 left on base; New Jersey 1 - Trois-Riveres 2 |
| BOTTOM OF THE 7TH |
|
Trois-Riveres Aigles batting - Pitching for New Jersey Devils : LHP Adam Howell
|
|
Now at 2B: Oscar Ramirez
|
|
|
Now in CF: Sergio Andrada
|
|
|
Now in RF: Miguel Quizhpi
|
|
|
Batting: LHB Edgar Quinto
|
0-0: Ball 1-0: Called Strike 1-1: SINGLE (Line Drive, 4M, EV 101.9 MPH)
|
|
Batting: SHB Josif Popovski
|
0-0: Called Strike Edgar Quinto steals 2nd base 0-1: Foul Ball, location: 2F 0-2: Strikes out swinging
|
|
Batting: RHB Micah Logan
|
0-0: Ball 1-0: Called Strike 1-1: Called Strike 1-2: Ball 2-2: Strikes out swinging
|
|
Batting: SHB Derek Weaver
|
0-0: Ground out 6-3 (Groundball, 6M, EV 100.0 MPH)
|
| Bottom of the 7th over - 0 runs, 1 hit, 0 errors, 1 left on base; New Jersey 1 - Trois-Riveres 2 |
| TOP OF THE 8TH |
|
New Jersey Devils batting - Pitching for Trois-Riveres Aigles : LHP Åke Ravn
|
|
Pinch Hitting: SHB Ernesto Mazas
|
0-0: Ball 1-0: Called Strike 1-1: SOLO HOME RUN (Flyball, 7LD, EV 94.4 MPH), Distance : 357 ft
|
|
Batting: LHB Jason Miller
|
0-0: Called Strike 0-1: Foul Ball, location: 2F 0-2: Ball 1-2: Ball 2-2: Strikes out looking
|
|
Batting: RHB Torsten Hodensack
|
0-0: Ball 1-0: Ball 2-0: Foul Ball, location: 2F 2-1: SINGLE (Flyball, 6D, EV 86.9 MPH)
|
|
Pitching: LHP Travis Mitchell
|
|
|
Batting: RHB Jacob Olander
|
0-0: Ball 1-0: Ball 2-0: Foul Ball, location: 2F 2-1: Foul Ball, location: 2F 2-2: Foul Ball, location: 2F 2-2: SINGLE (Groundball, 13S, EV 74.4 MPH) (infield hit) Torsten Hodensack to second
|
|
Pinch Runner at 2nd Matt Reynolds:
|
|
|
Pinch Hitting: SHB Adonis Jones
|
0-0: Foul Ball, location: 2F 0-1: Ball 1-1: Foul Ball, location: 2F 1-2: Ball 2-2: Ball 3-2: Grounds into double play, 4-6-3 (Groundball, 4M, EV 85.0 MPH)
|
| Top of the 8th over - 1 run, 3 hits, 0 errors, 1 left on base; New Jersey 2 - Trois-Riveres 2 |
| BOTTOM OF THE 8TH |
|
Trois-Riveres Aigles batting - Pitching for New Jersey Devils : LHP Adam Howell
|
|
Now at 3B: Matt Reynolds
|
|
|
Now at SS: Ivan Murillo
|
|
|
Now in LF: Ernesto Mazas
|
|
|
Batting: RHB Alistair Holmes
|
0-0: Called Strike 0-1: Ball 1-1: Swinging Strike 1-2: Ball 2-2: Strikes out swinging
|
|
Batting: RHB George Connell
|
0-0: Called Strike 0-1: Foul Ball, location: 2F 0-2: Foul Ball, location: 2F 0-2: Foul Ball, location: 2F 0-2: Ball 1-2: Ground out 4-3 (Groundball, 4M, EV 85.0 MPH)
|
|
Batting: RHB Danny Mota
|
0-0: Ball 1-0: Foul Ball, location: 2F 1-1: Called Strike 1-2: Foul Ball, location: 2F 1-2: Ball 2-2: Strikes out swinging
|
| Bottom of the 8th over - 0 runs, 0 hits, 0 errors, 0 left on base; New Jersey 2 - Trois-Riveres 2 |
| TOP OF THE 9TH |
|
New Jersey Devils batting - Pitching for Trois-Riveres Aigles : LHP Travis Mitchell
|
|
Pinch Hitting: RHB John Carpenter
|
0-0: Fly out, F8 (Flyball, 8RXD, EV 109.4 MPH)
|
|
Batting: RHB Sergio Andrada
|
0-0: Called Strike 0-1: Called Strike 0-2: Foul Ball, location: 2F 0-2: Strikes out swinging
|
|
Batting: LHB Miguel Quizhpi
|
0-0: Called Strike 0-1: Ball 1-1: Ball 2-1: Foul Ball, location: 2F 2-2: Foul Ball, location: 2F 2-2: SINGLE (Groundball, 6MD, EV 98.1 MPH)
|
|
Batting: RHB Oscar Ramirez
|
0-0: Ball Pickoff Throw by Catcher to First - Out!
|
| Top of the 9th over - 0 runs, 1 hit, 0 errors, 0 left on base; New Jersey 2 - Trois-Riveres 2 |
| BOTTOM OF THE 9TH |
|
Trois-Riveres Aigles batting - Pitching for New Jersey Devils : LHP Adam Howell
|
|
Now at C: Brian Jones
|
|
|
Pinch Hitting: RHB Christopher Arnett
|
0-0: Called Strike 0-1: Ball 1-1: Ball 2-1: SINGLE (Groundball, 34D, EV 108.1 MPH)
|
|
Pinch Hitting: RHB John Garland
|
0-0: Ball 1-0: Foul Ball, location: 2F 1-1: Grounds into double play, 6-4-3 (Groundball, 6, EV 93.1 MPH)
|
|
Pinch Hitting: RHB Heath Peterson
|
0-0: Ball 1-0: Foul Ball, location: 2F 1-1: Ball 2-1: Called Strike 2-2: SINGLE (Groundball, 6MD, EV 104.4 MPH)
|
|
Batting: SHB Josif Popovski
|
0-0: Ball 1-0: Ball 2-0: Foul Ball, location: 2F 2-1: Fly out, F8 (Flyball, 8LS, EV 93.8 MPH)
|
| Bottom of the 9th over - 0 runs, 2 hits, 0 errors, 1 left on base; New Jersey 2 - Trois-Riveres 2 |
| TOP OF THE 10TH |
|
New Jersey Devils batting - Pitching for Trois-Riveres Aigles : LHP Travis Mitchell
|
|
Pitching: RHP Steve Rennecker
|
|
|
Now at C: Danny Mota
|
|
|
Now at 1B: Christopher Arnett
|
|
|
Now in LF: John Garland
|
|
|
Now in CF: Cory Nuss
|
|
|
Now in RF: Alistair Holmes
|
|
|
Batting: RHB Oscar Ramirez
|
0-0: Ball 1-0: Foul Ball, location: 2F 1-1: Ball 2-1: Called Strike 2-2: Ground out U3 (Groundball, 34, EV 83.8 MPH)
|
|
Batting: SHB Ernesto Mazas
|
0-0: Foul Ball, location: 2F 0-1: Called Strike 0-2: Ball 1-2: Ball 2-2: Strikes out swinging
|
|
Pinch Hitting: LHB Hakizimana Kubweza
|
0-0: Called Strike 0-1: Foul Ball, location: 2F 0-2: Ball 1-2: Ball 2-2: Fly out, F8 (Flyball, 78D, EV 94.4 MPH)
|
| Top of the 10th over - 0 runs, 0 hits, 0 errors, 0 left on base; New Jersey 2 - Trois-Riveres 2 |
| BOTTOM OF THE 10TH |
|
Trois-Riveres Aigles batting - Pitching for New Jersey Devils : LHP Adam Howell
|
|
Pitching: RHP Andy Corcoran
|
|
|
Now at 1B: Carlos Saldivar
|
|
|
Batting: RHB Micah Logan
|
0-0: Called Strike 0-1: Ball 1-1: Ball 2-1: Foul Ball, location: 2F 2-2: Ball 3-2: Foul Ball, location: 2F 3-2: Strikes out swinging
|
|
Batting: SHB Derek Weaver
|
0-0: Ball 1-0: Ball 2-0: Ball 3-0: Base on Balls
|
|
Batting: RHB Alistair Holmes
|
0-0: Called Strike 0-1: Called Strike 0-2: Strikes out swinging
|
|
Batting: RHB George Connell
|
0-0: Ball 1-0: Ball 2-0: Swinging Strike 2-1: Foul Ball, location: 2F 2-2: Ground out 4-3 (Groundball, 34, EV 86.9 MPH)
|
| Bottom of the 10th over - 0 runs, 0 hits, 0 errors, 1 left on base; New Jersey 2 - Trois-Riveres 2 |
| TOP OF THE 11TH |
|
New Jersey Devils batting - Pitching for Trois-Riveres Aigles : RHP Steve Rennecker
|
|
Batting: LHB Matt Reynolds
|
0-0: Ball 1-0: Called Strike 1-1: Foul Ball, location: 2F 1-2: Ball 2-2: Ball 3-2: Base on Balls
|
|
Batting: RHB Jacob Olander
|
0-0: Called Strike 0-1: Foul Ball, location: 2F 0-2: Ball 1-2: Strikes out looking
|
|
Batting: RHB Ivan Murillo
|
0-0: Ball 1-0: Ball Matt Reynolds is caught stealing 2nd base 2-4 2-0: Called Strike 2-1: Called Strike 2-2: Ball 3-2: Ground out 4-3 (Groundball, 4, EV 106.2 MPH)
|
| Top of the 11th over - 0 runs, 0 hits, 0 errors, 0 left on base; New Jersey 2 - Trois-Riveres 2 |
| BOTTOM OF THE 11TH |
|
Trois-Riveres Aigles batting - Pitching for New Jersey Devils : RHP Andy Corcoran
|
|
Batting: RHB Danny Mota
|
0-0: Swinging Strike 0-1: Foul Ball, location: 2F 0-2: Strikes out swinging
|
|
Batting: RHB Christopher Arnett
|
0-0: Foul Ball, location: 2F 0-1: Ball 1-1: Swinging Strike 1-2: Strikes out looking
|
|
Batting: RHB John Garland
|
0-0: Foul Ball, location: 2F 0-1: Ball 1-1: Foul Ball, location: 2F 1-2: Strikes out looking
|
| Bottom of the 11th over - 0 runs, 0 hits, 0 errors, 0 left on base; New Jersey 2 - Trois-Riveres 2 |
| TOP OF THE 12TH |
|
New Jersey Devils batting - Pitching for Trois-Riveres Aigles : RHP Steve Rennecker
|
|
Pinch Hitting: LHB Joel Sandoval
|
0-0: Swinging Strike 0-1: Ball 1-1: Foul Ball, location: 2F 1-2: Strikes out swinging, 2-3 out at first.
|
|
Batting: RHB Sergio Andrada
|
0-0: Called Strike 0-1: Ball 1-1: Ball 2-1: Foul Ball, location: 2F 2-2: Foul Ball, location: 2F 2-2: Foul Ball, location: 2F 2-2: Foul Ball, location: 2F 2-2: Ball 3-2: Base on Balls
|
|
Pitching: RHP Pete Vernon
|
|
|
Batting: LHB Miguel Quizhpi
|
0-0: Ball 1-0: Called Strike 1-1: DOUBLE (Flyball, 78XD, EV 103.8 MPH) Sergio Andrada to third
|
|
Batting: RHB Oscar Ramirez
|
0-0: Swinging Strike 0-1: Ball 1-1: Foul Ball, location: 2F 1-2: Strikes out swinging
|
|
Batting: SHB Ernesto Mazas
|
0-0: Intentional Walk
|
|
Batting: RHB Carlos Saldivar
|
0-0: Reached via error on a dropped throw from SS, E4 (Groundball, 6, EV 81.2 MPH) Sergio Andrada scores Miguel Quizhpi to third Ernesto Mazas to second
|
|
Batting: LHB Matt Reynolds
|
0-0: Called Strike 0-1: Foul Ball, location: 2F 0-2: Hit by Pitch Miguel Quizhpi scores Ernesto Mazas to third Carlos Saldivar to second
|
|
Batting: RHB Jacob Olander
|
0-0: Called Strike 0-1: Ball 1-1: Swinging Strike 1-2: Foul Ball, location: 2F 1-2: Foul Ball, location: 2F 1-2: Strikes out looking
|
| Top of the 12th over - 2 runs, 1 hit, 1 error, 3 left on base; New Jersey 4 - Trois-Riveres 2 |
| BOTTOM OF THE 12TH |
|
Trois-Riveres Aigles batting - Pitching for New Jersey Devils : RHP Andy Corcoran
|
|
Pitching: RHP Humberto Ramirez
|
|
|
Now at C: Andrew Hook
|
|
|
Batting: RHB Cory Nuss
|
0-0: Swinging Strike 0-1: Fly out, F9 (Flyball, 9, EV 76.2 MPH)
|
|
Batting: SHB Josif Popovski
|
0-0: Ball 1-0: Foul Ball, location: 2F 1-1: Foul Ball, location: 2F 1-2: Strikes out swinging
|
|
Batting: RHB Micah Logan
|
0-0: Ball 1-0: Ball 2-0: Foul Ball, location: 2F 2-1: Foul Ball, location: 2F 2-2: Fly out, F3 (Popup, 3SF, EV 81.9 MPH)
|
| Bottom of the 12th over - 0 runs, 0 hits, 0 errors, 0 left on base; New Jersey 4 - Trois-Riveres 2 |
|